 Dungeon Crawl Stone Soup version 0.26.1-2-gb8aa6d0cf2 (webtiles) character file.

Game seed: 3540355826615866728

10383 Almogavar the Blocker (level 11, -12/67 HPs)
             Began as a Gargoyle Fighter on Mar 23, 2021.
             Was an Elder of Okawaru.
             Mangled by a sun demon (16 damage)
             ... summoned by an orc sorcerer
             ... on level 2 of the Orcish Mines.
             The game lasted 00:37:47 (8907 turns).

Almogavar the Blocker (Gargoyle Fighter)            Turns: 8907, Time: 00:37:48

Health: -12/67     AC: 37    Str: 30    XL:     11   Next: 61%
Magic:  11/11      EV:  7    Int:  8    God:    Okawaru [****..]
Gold:   914        SH: 15    Dex: 14    Spells: 10/10 levels left

rFire    . . .     SeeInvis .   D - +3 flail (freeze)
rCold    . . .     Faith    .   c - +1 kite shield
rNeg     + . .     Spirit   .   w - +10 plate armour {ponderous}
rPois    ∞         Reflect  .   K - +0 helmet
rElec    +         Harm     .   I - +1 cloak
rCorr    .         Rampage  .   u - +0 pair of gloves
Will     .....                  L - +0 pair of boots
Stlth    ..........             e - amulet of regeneration
HPRegen  0.61/turn              x - +6 ring of strength
MPRegen  0.12/turn              C - ring of Viled {Dex+5 Stlth+}

@: slow
A: negative energy resistance 1, electricity resistance, unbreathing,
petrification resistance, miasma immunity, AC +8
a: Renounce Religion, Heroism


You were on level 2 of the Orcish Mines.
You worshipped Okawaru.
Okawaru was greatly pleased with you.
You visited 3 branches of the dungeon, and saw 12 of its levels.

You collected 914 gold pieces.

Inventory:

Hand Weapons
 k - a +2 mace of draining
 B - a +2 flail of holy wrath
 D - a +3 flail of freezing (weapon)
Missiles
 s - 14 bolts
Armour
 c - a +1 kite shield (worn)
 u - a +0 pair of gloves (worn)
 w - a +10 plate armour of ponderousness (worn)
 I - a +1 cloak (worn)
 K - a +0 helmet (worn)
 L - a +0 pair of boots (worn)
Jewellery
 e - an amulet of regeneration (around neck)
 j - an uncursed ring of ice
 x - a +6 ring of strength (left hand)
 C - the ring of Viled (right hand) {Dex+5 Stlth+}
   (You found it on level 6 of the Dungeon)

   [ring of stealth]

   It affects your dexterity (+5).
   It makes you more stealthy.
Wands
 q - a wand of flame (35)
 r - a wand of digging (6)
 F - a wand of acid (12)
 H - a wand of polymorph (10)
Scrolls
 b - 2 scrolls of magic mapping
 h - 3 scrolls of enchant armour
 i - 6 scrolls of remove curse
 m - 3 scrolls of teleportation
 y - 3 scrolls of enchant weapon
 E - a scroll of vulnerability {unknown}
 J - a scroll of fog
 M - 2 scrolls of fear {unknown}
Potions
 a - 9 potions of curing
 d - 7 potions of might
 f - 2 potions of flight
 l - 2 potions of attraction {unknown}
 n - a potion of cancellation
 o - 3 potions of haste {unknown}
 p - a potion of ambrosia
 t - a potion of brilliance {unknown}
 v - 2 potions of degeneration {unknown}
 z - 2 potions of magic {unknown}
 A - 2 potions of lignification {unknown}
 G - a potion of mutation
Miscellaneous
 N - a box of beasts


   Skills:
 + Level 7.5 Fighting
 + Level 11.6 Maces & Flails
 + Level 7.2 Armour
 - Level 0.2 Dodging
 + Level 12.1 Shields


You had 10 spell levels left.
You didn't know any spells.
Your spell library was empty.

Dungeon Overview and Level Annotations

Branches:
Dungeon (9/15)             Temple (1/1) D:4             Orc (2/2) D:9
    Elf (0/3) Orc:2
   Lair: D:8-11

Altars:
Ashenzari
Elyvilon
Gozag
Hepliaklqana
Nemelex Xobeh
Okawaru
Qazlal
Sif Muna
Trog
Uskayaw
Vehumet
Wu Jian
Xom
Yredelemnul
The Shining One

Shops:
D:7 }

Annotations:
D:9 3 runed translucent doors


Innate Abilities, Weirdness & Mutations

You are resistant to torment.
Your stone body is resilient. (AC +8)
You are immune to poison.
You resist negative energy. (rN+)
You are resistant to electric shocks. (rElec)
You can survive without breathing.
You are immune to petrification.
You are immune to miasma.


Message History

a +0 dagger; an orc corpse
As you read the scroll of fog, it crumbles to dust.
The scroll dissolves into smoke.
The sun demon hits you but does no damage.
The soul eater hits you but does no damage.
The orc sorcerer gestures at you while chanting.
The bolt of fire hits you.
* * * LOW HITPOINT WARNING * * *
The sun demon barely misses you.
The orc sorcerer gestures at you while chanting.
The bolt of fire misses you.
You feel better. You block the soul eater's attack.
You block the sun demon's attack.
The orc sorcerer gestures wildly while chanting.
The soul eater draws from the surrounding life force!
You block the sun demon's attack. The sun demon hits you!
* * * LOW HITPOINT WARNING * * *
You are engulfed in flames!
You die...

##.....### .........#
#.....## ##†..o.##
##.......# ##### #.......##
##...## ##.##...# #..)))##
###....### ##...))<#
####......## ##§@.))))##
#.#........###33§....).###
...........#o§§o§).....#.##
..........§§§§§§§.#.......#
..........§§§§§§.##......###
....^.#...§...§..####......#
..<.####.........# #.......#
......##.........###.......#
.................).)).....##


You could see an orc knight, a soul eater (summoned) and a sun demon (summoned).

Vanquished Creatures
  A two-headed ogre (D:9)
  The ghost of dracomuter the Cleaver, a novice HuFi (D:7)
  2 orc sorcerers
  A cyclops (D:9)
  Joseph (D:9)
  2 trolls
  Sigmund (D:4)
  Eustachio (D:6)
  Edmund (D:6)
  A water moccasin (D:9)
  Duvessa (D:6)
  A sky beast (D:7)
  2 black bears
  14 orc warriors
  5 ice beasts
  2 ogres
  A necrophage (D:9)
  A phantom (D:7)
  5 centaurs
  3 big kobolds
  4 bullfrogs
  A wyvern zombie (D:9)
  A water moccasin zombie (D:6)
  Dowan (D:6)
  6 scorpions
  5 killer bees (D:9)
  11 wights
  4 howler monkeys
  A bullfrog zombie (D:8)
  A jelly (D:4)
  16 orc priests
  2 bullfrog skeletons (D:9)
  4 hounds
  19 orc wizards
  A centaur skeleton (D:9)
  An iguana (D:5)
  12 worker ants
  3 killer bee zombies
  A hound zombie (D:6)
  A worker ant zombie (D:9)
  3 gnolls (D:4)
  9 adders
  2 shadow imps
  2 white imps
  2 ufetubi
  3 oozes
  An adder zombie (D:8)
  A worm (D:3)
  8 leopard geckos
  65 orcs
  A ball python (D:3)
  8 bats
  2 giant cockroaches
  7 goblins
  8 hobgoblins
  23 jackals
  4 quokkas
  6 frilled lizards
  9 kobolds
  A leopard gecko skeleton (D:4)
  2 quokka skeletons
  A quokka zombie (D:6)
  18 rats
328 creatures vanquished.

Notes
Turn   | Place    | Note
-------+----------+-------------------------------------------
     0 | D:1      | Almogavar the Gargoyle Fighter began the quest for the Orb.
     0 | D:1      | Reached XP level 1. HP: 14/14 MP: 1/1
   305 | D:1      | Reached XP level 2. HP: 19/19 MP: 2/2
   538 | D:1      | Reached XP level 3. HP: 24/24 MP: 3/3
  1247 | D:2      | Found a basalt altar of Yredelemnul.
  1299 | D:2      | Reached skill level 4 in Shields
  1326 | D:2      | Reached XP level 4. HP: 29/29 MP: 4/4
  1969 | D:3      | Found a glowing golden altar of the Shining One.
  2048 | D:3      | Reached XP level 5. HP: 33/33 MP: 5/5
  2306 | D:3      | Found an opulent altar of Gozag.
  2397 | D:3      | You fall into a shaft and drop 3 floors!
  2437 | D:6      | Noticed Eustachio
  2439 | D:5      | Entered Level 5 of the Dungeon
  2452 | D:5      | Noticed an ogre
  2552 | D:4      | Reached skill level 5 in Shields
  2552 | D:4      | Reached XP level 6. HP: 37/38 MP: 6/6
  2950 | D:4      | Found a radiant altar of Vehumet.
  3051 | D:4      | Noticed Sigmund
  3078 | D:4      | Killed Sigmund
  3079 | D:4      | Reached XP level 7. HP: 37/44 MP: 7/7
  3100 | D:4      | Found a staircase to the Ecumenical Temple.
  3110 | D:4      | Reached skill level 5 in Maces & Flails
  3113 | Temple   | Entered the Ecumenical Temple
  3192 | Temple   | Became a worshipper of Warmaster Okawaru
  3314 | D:4      | Found a shimmering blue altar of Sif Muna.
  3859 | D:5      | Reached * piety under Okawaru
  3860 | D:5      | Reached skill level 5 in Armour
  3860 | D:5      | Reached skill level 6 in Shields
  3860 | D:5      | Reached XP level 8. HP: 33/48 MP: 8/8
  4169 | D:6      | Killed Eustachio
  4170 | D:6      | Reached skill level 5 in Fighting
  4346 | D:6      | Found a sparkling altar of Nemelex Xobeh.
  4349 | D:6      | Noticed Duvessa
  4349 | D:6      | Noticed Dowan
  4355 | D:6      | Killed Dowan
  4360 | D:6      | Reached skill level 7 in Shields
  4372 | D:6      | Killed Duvessa
  4450 | D:6      | Noticed Edmund
  4466 | D:6      | Killed Edmund
  4498 | D:6      | Got a transparent marble ring
  4500 | D:6      | Identified the ring of Viled {Dex+5 Stlth+} (You found it
                  | on level 6 of the Dungeon)
  4674 | D:7      | Reached XP level 9. HP: 54/54 MP: 9/9
  4726 | D:7      | Reached skill level 8 in Shields
  4783 | D:7      | Found a hazy altar of Hepliaklqana.
  4809 | D:7      | Reached ** piety under Okawaru
  4837 | D:7      | Found a shimmering altar of Xom.
  5273 | D:7      | Found a runed translucent door.
  5274 | D:7      | Noticed dracomuter's ghost (novice HuFi)
  5341 | D:7      | Found Piskol's Gadget Emporium.
  5523 | D:7      | Found a broken altar of Ashenzari.
  5523 | D:7      | Found a shimmering altar of Xom.
  5694 | D:7      | Killed dracomuter's ghost
  5694 | D:7      | Reached *** piety under Okawaru
  5695 | D:7      | Reached skill level 9 in Shields
  5759 | D:7      | Reached **** piety under Okawaru
  5760 | D:7      | Reached XP level 10. HP: 60/60 MP: 10/10
  6064 | D:8      | Found an ornate altar of the Wu Jian Council.
  6375 | D:9      | Reached skill level 10 in Shields
  6467 | D:9      | Found a hide-covered altar of Uskayaw.
  6505 | D:9      | Reached ***** piety under Okawaru
  6579 | D:9      | Found a runed translucent gate.
  6579 | D:9      | Found a runed translucent gate.
  6580 | D:9      | Noticed a red ugly thing
  6580 | D:9      | Noticed a glowing orange brain
  6580 | D:9      | Noticed a green ugly thing
  6581 | D:9      | Found a runed translucent gate.
  6581 | D:9      | Noticed a cyan ugly thing
  6583 | D:9      | Noticed a white ugly thing
  6601 | D:9      | Found a staircase to the Orcish Mines.
  6725 | D:9      | Reached skill level 10 in Maces & Flails
  6819 | D:9      | Noticed a cyclops
  6839 | D:9      | Killed a cyclops
  6839 | D:9      | Received a gift from Okawaru
  6839 | D:9      | Noticed a two-headed ogre
  6856 | D:9      | Killed a two-headed ogre
  6857 | D:9      | Reached skill level 11 in Shields
  6857 | D:9      | Reached XP level 11. HP: 30/67 MP: 11/11
  7253 | D:9      | Noticed Joseph
  7276 | D:9      | Killed Joseph
  7883 | Orc:1    | Entered Level 1 of the Orcish Mines
  7927 | Orc:1    | Noticed an orc sorcerer
  7931 | Orc:1    | Paralysed by an orc sorcerer for 6 turns
  8007 | D:9      | Killed an orc sorcerer
  8197 | Orc:2    | Entered Level 2 of the Orcish Mines
  8201 | Orc:2    | Noticed an orc sorcerer
  8445 | Orc:1    | Killed an orc sorcerer
  8472 | Orc:2    | Reached skill level 12 in Shields
  8790 | Orc:2    | Found a staircase to the Elven Halls.
  8887 | Orc:2    | Noticed an orc sorcerer
  8891 | Orc:2    | Noticed a sun demon
  8894 | Orc:2    | Noticed an orc knight
  8895 | Orc:2    | Noticed a soul eater
  8902 | Orc:2    | HP: 3/67 [orc sorcerer/bolt of fire (4)]
  8907 | Orc:2    | Mangled by a sun demon

Illustrated notes

Levels and vault maps discovered:
D:1:      saegor_arrival_miasma, layout_basic
D:2:      layout_loops_ring, overflow_temple_1_default
D:3:      layout_basic, old_standard_altar, old_standard_altar,
          minmay_crystal_room
D:4:      layout_cave_pools, kennysheep_little_box, old_standard_altar,
          temple_fountains, uniq_sigmund
D:5:      layout_basic
D:6:      layout_rooms, general_overflow_altar, kennysheep_generic_room_14,
          uniq_duvessa, uniq_edmund, uniq_eustachio
D:7:      layout_basic, nzn_hepliaklqana_mist_gate,
          gammafunk_temple_overflow_wave, basic_altar, serial_shops, shop,
          gammafunk_ghost_grave
D:8:      layout_rooms, lemuel_doored_altar
D:9:      cheibrodos_ideogram_h, layout_loops_ring,
          nicolae_overflow_crystal_walls, orc_0_dummy,
          ploomutoo_gammafunk_ghost_potion_laboratory,
          chequers_serial_rivers_large_a, uniq_joseph
Temple:   minmay_temple_curvy_loop
Orc:1:    layout_caves, basic_altar, library_closet
Orc:2:    st_orc_congregation, layout_diamond_mine

Skill      XL: |  1  2  3  4  5  6  7  8  9 10 11 |
---------------+----------------------------------+-----
Shields        | 4 5 6 7 9 11 12 | 12.1
Maces & Flails | 3 4 6 7 9 10 11 | 11.6
Fighting       | 4 5 6 7 |  7.5
Armour         | 4 5 6 7 |  7.2
Dodging        | |  0.2

Action                   |  1- 3 |  4- 6 |  7- 9 | 10-12 || total
-------------------------+-------+-------+-------+-------++-------
Melee: Flail             |    86 |       |       |   430 ||   516
       Mace              |    36 |   191 |   323 |   198 ||   748
Invok: Heroism           |       |       |       |     1 ||     1
Evoke: Wand              |       |       |       |     2 ||     2
  Use: Scroll            |     1 |     4 |     6 |     4 ||    15
       Potion            |       |       |       |     2 ||     2
Armor: Scale mail        |    48 |       |       |       ||    48
       Chain mail        |    18 |    99 |    37 |       ||   154
       Plate armour      |       |       |   223 |   387 ||   610
Dodge: Dodged            |    38 |    43 |    74 |   158 ||   313
Block: Kite shield       |    73 |   118 |   246 |   561 ||   998
